 Dungeon Crawl Stone Soup version 0.23.1-37-gaa34b87b72 (webtiles) character file.

Game seed: 17589025952130361077

628 PentaManta the Cutter (level 7, 0/44 HPs)
             Began as a Kobold Assassin on Mar 25, 2019.
             Slain by a black bear (4 damage)
             ... on level 4 of the Dungeon.
             The game lasted 00:11:31 (5030 turns).

PentaManta the Cutter (Kobold Assassin)             Turns: 5030, Time: 00:11:32

Health: 0/44       AC:  5    Str:  9    XL:     7   Next: 77%
Magic:  7/7        EV: 18    Int: 12    God:
Gold:   174        SH:  0    Dex: 18    Spells: 6/6 levels left

rFire    . . .     SeeInvis .   w - +0 dagger (vamp)
rCold    . . .     Gourm    .   (shield restricted)
rNeg     . . .     Faith    .   c - +0 robe
rPois    .         Spirit   .   (no helmet)
rElec    .         Reflect  .   d - +0 cloak
rCorr    .         Harm     .   s - +0 pair of gloves
MR       .....                  j - +0 pair of boots
Stlth    +++.......             (no amulet)
HPRegen  0.14/turn              (no ring)
MPRegen  0.10/turn              (no ring)

@: hasted, very quick
A: small, carnivore
a: no special abilities


You were on level 4 of the Dungeon.
You were hungry.

You visited 1 branch of the dungeon, and saw 5 of its levels.

You collected 174 gold pieces.

Inventory:

Hand Weapons
 b - a +0 blowgun
 w - a +0 vampiric dagger (weapon)
 A - a +0 dagger of freezing
 C - a +0 fustibalus
Missiles
 e - 24 poisoned needles
 f - a curare-tipped needle
 l - 2 needles of sleeping
Armour
 c - a +0 robe (worn)
 d - a +0 cloak (worn)
 j - a +0 pair of boots (worn)
 s - a +0 pair of gloves (worn)
 y - a +0 shield
Jewellery
 m - an uncursed ring of wizardry {unknown}
Scrolls
 i - 3 scrolls of remove curse {unknown}
 k - a scroll of teleportation {unknown}
 p - 3 scrolls of random uselessness {unknown}
 q - 2 scrolls of enchant armour {unknown}
 u - a scroll of immolation {unknown}
 v - 8 scrolls of identify {unknown}
 x - a scroll of fear {unknown}
 B - a scroll of blinking {unknown}
Potions
 a - a potion of ambrosia {unknown}
 h - a potion of haste
 n - a potion of degeneration {unknown}
 o - 2 potions of curing {unknown}
 r - a potion of flight
 t - a potion of magic {unknown}
 z - a potion of lignification
Comestibles
 g - 8 rations


   Skills:
 + Level 5.3 Fighting
 + Level 6.5 Short Blades
 - Level 2.1 Throwing
 + Level 5.4 Dodging
 - Level 5.3 Stealth


You had 6 spell levels left.
You didn't know any spells.
Your spell library was empty.

Dungeon Overview and Level Annotations

Branches:
Dungeon (5/15)
 Temple: D:4-7

Altars:
Ashenzari
Cheibriados
Makhleb
Sif Muna
Vehumet

Shops:
D:4 [

Annotations:
D:5 Eustachio


Innate Abilities, Weirdness & Mutations

You are small and have problems with some larger weapons.
You are carnivorous and can eat meat at any time.


Message History

You completely miss the black bear.
The black bear is almost dead.
The black bear looks more energetic.
You hit the black bear.
You feel better.
The black bear is almost dead.
You barely miss the black bear.
The black bear is almost dead.
The black bear goes berserk!
You hit the black bear but do no damage.
The black bear is almost dead.
You hit the black bear.
You feel better.
The black bear is almost dead.
The black bear closely misses you. The black bear barely misses you.
The black bear closely misses you.
You closely miss the black bear.
The black bear is almost dead.
The black bear barely misses you. The black bear claws you.
* * * LOW HITPOINT WARNING * * *
The black bear claws you.
You die...

#..........#
###..........###############
###..........................#
...............#############.# #
#........(.....# #.# ##
#.....>........# ###.###.
#..............## ########.......
................###........##.###
...##...........@h..#########.##.
.).##...............###### #.#..
..###......###.####......####...#
..##.......# #.## ######.#......#
..#...._8_.###..#### #....####.#
....##......###....# ##.#..## #..
...##........#####.###..##..####.
...##.#.#.#..#####..##.####......
#..##.#.#.........#....###.......


You could see a black bear (berserk).

Vanquished Creatures
  Sigmund (D:2)
  A scorpion (D:4)
  A crimson imp (D:5)
  A hound (D:4)
  A jelly (D:5)
  An orc priest (D:3)
  Jessica (D:2)
  Natasha (thrice) (D:4)
  A statue (D:4)
  6 adders
  A howler monkey skeleton (D:4)
  An ooze (D:3)
  An adder skeleton (D:4)
  5 worms
  2 dart slugs
  3 leopard geckos
  13 orcs
  A ball python (D:3)
  4 giant cockroaches
  5 hobgoblins
  5 jackals (D:3)
  5 kobolds
  2 quokkas
  8 bats
  3 frilled lizards
  8 goblins
  5 rats
89 creatures vanquished.

Notes
Turn   | Place    | Note
-------+----------+-------------------------------------------
     0 | D:1      | PentaManta the Kobold Assassin began the quest for the Orb.
     0 | D:1      | Reached XP level 1. HP: 12/12 MP: 1/1
    91 | D:1      | Reached skill level 3 in Short Blades
   191 | D:1      | Reached XP level 2. HP: 18/18 MP: 2/2
   214 | D:1      | Found a shattered altar of Ashenzari.
   908 | D:2      | Reached XP level 3. HP: 22/22 MP: 3/3
  1017 | D:2      | Noticed Sigmund
  1436 | D:2      | Noticed Jessica
  1448 | D:2      | Killed Jessica
  1448 | D:2      | Reached XP level 4. HP: 22/28 MP: 4/4
  1585 | D:2      | Reached skill level 4 in Short Blades
  1809 | D:3      | Reached XP level 5. HP: 22/32 MP: 5/5
  1985 | D:2      | Killed Sigmund
  1985 | D:2      | Reached skill level 5 in Short Blades
  1985 | D:2      | Reached XP level 6. HP: 31/38 MP: 6/6
  2317 | D:3      | Found a faded altar of an unknown god.
  2520 | D:3      | You fall through a shaft!
  2542 | D:4      | Found a deep blue altar of Sif Muna.
  2542 | D:4      | Found a burning altar of Makhleb.
  3147 | D:4      | HP: 1/39 [scorpion (7)]
  3174 | D:4      | Reached XP level 7. HP: 32/44 MP: 7/7
  3466 | D:4      | Found a radiant altar of Vehumet.
  3511 | D:4      | HP: 2/44 [frost-covered statue/puff of frost (8)]
  3542 | D:4      | HP: 1/44 [frost-covered statue/puff of frost (8)]
  3909 | D:4      | Found Tesenis's Antique Armour Shop.
  3965 | D:4      | Found a snail-covered altar of Cheibriados.
  4069 | D:4      | Reached skill level 6 in Short Blades
  4165 | D:4      | Noticed Natasha
  4193 | D:4      | Killed Natasha
  4193 | D:4      | Reached skill level 5 in Dodging
  4234 | D:4      | Noticed Natasha
  4424 | D:4      | Killed Natasha
  4424 | D:4      | Reached skill level 5 in Fighting
  4436 | D:4      | Noticed Natasha
  4461 | D:4      | Killed Natasha
  4534 | D:5      | Entered Level 5 of the Dungeon
  4579 | D:5      | Noticed Eustachio
  5011 | D:4      | HP: 2/44 [black bear (2)]
  5024 | D:4      | HP: 2/44 [black bear (1)]
  5030 | D:4      | Slain by a black bear

Skill      XL: |  1  2  3  4  5  6  7 |
---------------+----------------------+-----
Short Blades   | 3 4 5 6 |  6.5
Dodging        | 2 3 4 5 |  5.4
Fighting       | 3 4 5 |  5.3
Throwing       | |  2.1
Stealth        | |  5.3

Action                   |  1- 3 |  4- 6 |  7- 9 || total
-------------------------+-------+-------+-------++-------
Melee: Dagger            |    84 |   521 |   263 ||   868
 Fire: Blowgun           |       |     4 |       ||     4
  Use: Potion            |       |     5 |     2 ||     7
 Stab: Sleeping          |     7 |     3 |     5 ||    15
       Distracted        |       |       |     1 ||     1
  Eat: Chunk             |     1 |    13 |     2 ||    16
       Ration            |       |       |     1 ||     1
Armor: Robe              |    18 |    70 |    24 ||   112
       Skin              |       |     5 |       ||     5
Dodge: Dodged            |    50 |   317 |   153 ||   520
